 Dungeon Crawl Stone Soup version 0.18-a0-987-g0b0e4e7 (webtiles) character file.

31 tehphobia the Stinger (level 3, 0/27 HPs)
             Began as a Draconian Venom Mage on Jan 4, 2016.
             Succumbed to an adder's poison
             ... on level 2 of the Dungeon.
             The game lasted 00:02:44 (1343 turns).

tehphobia the Stinger (Draconian Venom Mage)        Turns: 1343, Time: 00:02:44

Health: 0/27       AC:  5    Str: 11    XL:     3   Next: 7%
Magic:  0/6        EV: 12    Int: 15    God:
Gold:   30         SH:  0    Dex: 11    Spells: 1 memorised, 5 levels left

rFire  . . .     SeeInvis .     (no weapon)
rCold  . . .     Gourm    .     (armour unavailable)
rNeg   . . .     Faith    .     (no shield)
rPois  .         Spirit   .     (helmet restricted)
rElec  .         Dismiss  .     (no cloak)
rCorr  .         Reflect  .     (no gloves)
SustAt .         Harm     .     (no boots)
MR     .....                    (no amulet)
Stlth  ++........               (no ring)
                                (no ring)

@: lethally poisoned (0 -> -3), very slightly contaminated, not resistant to
hostile enchantments, unstealthy
A: unfitting armour, cold-blooded, AC +5
a: no special abilities


You were on level 2 of the Dungeon.
You were very hungry.

You visited 1 branch of the dungeon, and saw 2 of its levels.

You collected 30 gold pieces.

Inventory:

Scrolls
 c - a scroll of recharging {unknown}
 d - a scroll of identify {unknown}
 e - a scroll of teleportation {unknown}
 f - a scroll of remove curse {unknown}
Books
 a - a Young Poisoner's Handbook

   Spells                             Type                      Level
   a - Sting                          Conjuration/Poison           1
   b - Cure Poison                    Poison                       2
   c - Mephitic Cloud                 Conjuration/Poison/Air       3
   d - Olgreb's Toxic Radiance        Poison                       4
   e - Venom Bolt                     Conjuration/Poison           5
Comestibles
 b - a bread ration


   Skills:
 * Level 0.4 Fighting
 - Level 1.7 Dodging
 - Level 1.9 Stealth
 - Level 0.4 Unarmed Combat
 - Level 2.0 Spellcasting
 + Level 4.8 Poison Magic


You had 5 spell levels left.
You knew the following spells:

 Your Spells              Type           Power        Failure   Level  Hunger
a - Sting                 Conj/Pois      #...         12%         1    #......


Dungeon Overview and Level Annotations

Branches:
Dungeon (2/15)

Altars:

Annotations:
D:2 Terence


Innate Abilities, Weirdness & Mutations

Your plain brown scales are hard (AC +5).
Your body does not fit into most forms of armour.
You are cold-blooded and may be slowed by cold attacks.


Message History

* * * LOW HITPOINT WARNING * * *
The adder barely misses you.
* * * LOW HITPOINT WARNING * * *
You feel sick.
* * * LOW HITPOINT WARNING * * *
You feel sick. The adder completely misses you.
You aren't carrying any potions.
* * * LOW HITPOINT WARNING * * *
You feel sick.
The adder looks more healthy.
The adder barely misses you.
* * * LOW HITPOINT WARNING * * *
You feel sick.
Casting: Sting
Confirm with . or Enter, or press ? or * to list all spells.
Aiming: Sting
Press: ? - help, Shift-Dir - straight line, f/p - Terence
Aim: Terence, wielding a trident and wearing a scale mail You miscast Sting.
Nothing appears to happen.
The adder bites you but does no damage.
You die...

.................##.#.S
#.......######.#.##.#.#
#.......'......#.##.#.#
#.......########....#.#
####........@.........#
######@#############
#.............#
########.###########[######
.........@.S.@...†>.......#
.#######.###########.###.##
#.# #.# #.# #.# #.# #.# ..#
#.# #.# ### ###.# #.# .##)#
#.# ########.##.# #.#
#...........# #.#


You could see Terence and an adder.

Vanquished Creatures
  A giant gecko (D:2)
  3 ball pythons (D:1)
  5 bats
  2 giant cockroaches (D:1)
  2 goblins (D:1)
  2 hobgoblins (D:1)
  3 giant newts (D:1)
  9 kobolds
  6 rats
33 creatures vanquished.

Notes
Turn   | Place    | Note
--------------------------------------------------------------
     0 | D:1      | tehphobia the Draconian Venom Mage began the quest for the Orb.
     0 | D:1      | Reached XP level 1. HP: 14/14 MP: 3/3
    90 | D:1      | Reached XP level 2. HP: 5/20 MP: 0/5
  1228 | D:2      | Reached XP level 3. HP: 19/26 MP: 4/6
  1309 | D:2      | Noticed Terence
  1340 | D:2      | HP: 1/27 [poisoned by an adder]
  1343 | D:2      | Succumbed to an adder's poison

Vault maps used:
D:1:      mrwooster_arrival_arrow, item_on_display_a
D:2:      nrook_mini_vaults, grunt_pakellas_basics, uniq_crazy_yiuf_cottage,
          uniq_terence, uniq_jessica

Action                   || total
-------------------------++-------
Melee: Unarmed           ||    80
 Cast: Sting             ||    43
 Stab: Sleeping          ||     1
  Eat: Chunk             ||     1
